 Dungeon Crawl Stone Soup version 0.26-a0-665-gefeb406119 (webtiles) character file.

Game seed: 3583895238764380785

53 BruhMomento the Slasher (level 3, 0/29 HPs)
             Began as a Demonspawn Abyssal Knight on Oct 15, 2020.
             Was a Follower of Lugonu.
             Slain by Sigmund
             ... wielding a +0 scythe
              (5 damage)
             ... on level 2 of the Dungeon.
             The game lasted 00:02:48 (2340 turns).

BruhMomento the Slasher (Demonspawn Abyssal Knight) Turns: 2340, Time: 00:02:49

Health: 0/29       AC:  5    Str: 15    XL:     3   Next: 62%
Magic:  0/4        EV: 11    Int: 13    God:    Lugonu [*.....]
Gold:   136        SH:  0    Dex: 12    Spells: 2/2 levels left

rFire    . . .     SeeInvis .   a - +1 falchion
rCold    . . .     Faith    .   (no shield)
rNeg     . . .     Spirit   +   b - +0 leather armour
rPois    .         Reflect  .   d - +0 helmet
rElec    .         Harm     .   (no cloak)
rCorr    .         Rampage  .   (no gloves)
MR       .....                  (no boots)
Stlth    +.........             (no amulet)
HPRegen  0.09/turn              (no ring)
MPRegen  0.09/turn              (no ring)

@: no status effects
A: hooves 1, shaggy fur 1, strong 1, magic shield, MP-powered wands
a: Depart the Abyss, Renounce Religion


You were on level 2 of the Dungeon.
You worshipped Lugonu.
Lugonu was aware of your devotion.
You visited 1 branch of the dungeon, and saw 3 of its levels.
You visited the Abyss 1 time.

You collected 136 gold pieces.

Inventory:

Hand Weapons
 a - a +1 falchion (weapon)
Armour
 b - a +0 leather armour (worn)
 d - a +0 helmet (worn)
Wands
 n - a wand of random effects (15)
Scrolls
 g - a scroll of remove curse {unknown}
 h - 3 scrolls of identify {unknown}
 i - a scroll of noise {unknown}
 k - a scroll of magic mapping {unknown}
 m - a scroll of random uselessness {unknown}
Potions
 e - a potion of heal wounds {unknown}
 f - 2 potions of flight {unknown}
 j - 2 potions of stabbing {unknown}
 l - a potion of invisibility {unknown}


   Skills:
 - Level 3.1 Fighting
 + Level 3.6 Long Blades
 - Level 1.7 Armour
 - Level 0.8 Dodging
 - Level 2.4 Invocations


You had 2 spell levels left.
You didn't know any spells.
Your spell library was empty.

Dungeon Overview and Level Annotations

Branches:
Dungeon (3/15)

Altars:
Makhleb

Annotations:
D:2 Sigmund


Innate Abilities, Weirdness & Mutations

When hurt, damage is shared between your health and your magic reserves.
You have large cloven feet.
You are covered in fur. (AC +1)
Your muscles are strong. (Str +2)
You expend magic power (3 MP) to strengthen your wands.


Message History

Okay, then.
You hit Sigmund.
Sigmund is heavily wounded.
Sigmund hits you with a +0 scythe!
* * * LOW HITPOINT WARNING * * *
Okay, then.
It was a potion of mutation.
You feel extremely strange.
Your feet thicken and deform.
Fur sprouts all over your body.
You feel stronger.
You feel your magical essence link to the dungeon's wands.
Sigmund misses you.
You hit Sigmund. You kick Sigmund, but do no damage.
Sigmund is severely wounded.
You hit Sigmund.
Sigmund is severely wounded.
Sigmund barely misses you.
You hit Sigmund but do no damage. You kick Sigmund.
Sigmund is almost dead.
Sigmund hits you with a +0 scythe.
You die...

###.## #.###.#.###.............
#.# ###.##..#.#.......#.......
###.####...#..##...##....#.......
#............................)...
..##..##.#...##..####....#(......
...##.##<#.####..## #.####)......
##..#>##...####...# #.####..†....
##.......###...#.###.......#####
##............@.<...........)..
##..##.###.###@##########.....
#..#..###.# #.# ##### ##...##...#
#.## #### ###...###.#####..######
###... #.....#
#...#.........####.@.##
##..##.###._.#..............###
##...##..##...#.........######
#...##.......##.........#


You could see Sigmund.

Vanquished Creatures
  2 oozes (D:2)
  A worm (D:2)
  2 dart slugs
  A leopard gecko (D:2)
  A giant cockroach (D:2)
  4 hobgoblins
  3 kobolds (D:1)
  9 bats
  2 frilled lizards
  5 goblins
  9 rats
39 creatures vanquished.

Notes
Turn   | Place    | Note
-------+----------+-------------------------------------------
     0 | Abyss:1  | BruhMomento the Demonspawn Abyssal Knight began the quest
                  | for the Orb.
     0 | Abyss:1  | Reached XP level 1. HP: 18/18 MP: 2/2
    85 | Abyss:1  | Noticed an insubstantial wisp
    85 | Abyss:1  | Noticed an insubstantial wisp
    86 | D:1      | Escaped the Abyss
   313 | D:1      | Reached * piety under Lugonu
   313 | D:1      | Gained mutation: When hurt, damage is shared between your
                  | health and your magic reserves. [demonic ancestry]
   313 | D:1      | Reached XP level 2. HP: 19/24 MP: 3/3
   733 | D:1      | You fall into a shaft and drop 1 floor!
   886 | D:2      | Reached XP level 3. HP: 21/29 MP: 2/4
  1227 | D:2      | Found a burning altar of Makhleb.
  1299 | D:2      | Noticed Sigmund
  2337 | D:2      | Gained mutation: You have large cloven feet. [potion of
                  | mutation]
  2337 | D:2      | Gained mutation: You are covered in fur. (AC +1) [potion of
                  | mutation]
  2337 | D:2      | Gained mutation: Your muscles are strong. (Str +2) [potion
                  | of mutation]
  2337 | D:2      | Gained mutation: You expend magic power (3 MP) to
                  | strengthen your wands. [potion of mutation]
  2340 | D:2      | Slain by Sigmund

Illustrated notes

Levels and vault maps discovered:
D:1:      evilmike_arrival_fibonacci_small, layout_loops_ring
D:2:      layout_rooms, bloody_makhleb, uniq_sigmund
D:3:      layout_loops_ring, lemuel_coloured_pillars_altar,
          roderic_serpentine_path, uniq_robin, uniq_terence

Skill      XL: |  1  2 |
---------------+-------+-----
Long Blades    | 2 3 |  3.6
Fighting       | |  3.1
Armour         | |  1.7
Dodging        | |  0.8
Invocations    | |  2.4

Action                   || total
-------------------------++-------
Melee: Falchion          ||   123
       Kick              ||     2
Invok: Depart the Abyss  ||     1
  Use: Scroll            ||     1
       Potion            ||     1
 Stab: Sleeping          ||     1
Armor: Leather armour    ||    39
Dodge: Dodged            ||    75
       Rpst.: Falchion   ||    19

Table legend: (Time is in decaauts)
 A = Elapsed time spent in this place.
 B = Non-inter-level travel time spent in this place.
 C = Inter-level travel time spent in this place.
 D = Time resting spent in this place.
 E = Time spent auto-exploring this place.
 F = Levels seen in this place.
 G = Mean time per level.
                   A        B        C        D        E       F      G
               +--------+--------+--------+--------+--------+-----+--------+
         Total |   2366 |   2355 |     11 |    593 |   1398 |   4 |  591.5 |
       Dungeon |   2280 |   2269 |     11 |    593 |   1329 |   3 |  760.0 |
         Abyss |     86 |     86 |      0 |      0 |     69 |   1 |   86.0 |
               +--------+--------+--------+--------+--------+-----+--------+

Top non-repeatable levels by time:
     D:1: 999 daAuts
     D:2: 665 daAuts
     D:3: 615 daAuts
 Abyss:1: 86 daAuts
